[Event "Titled Tuesday Blitz June 21 Late 2022"]
[White "Chigaev, Maksim"]
[Black "Nazari, Arad"]
[WhiteFideId "4108116"]
[BlackFideId "12577324"]
[WhiteElo "2457"]
[BlackElo "2129"]
[Result "1-0"]
[Round "03"]
[TimeControl "180+1"]
[Date "2022.06.21"]
[WhiteClock "0:00:08"]
[BlackClock "0:00:04"]

1. e4 c5 2. Nf3 d6 3. c3 Nf6 4. g3 g6 5. Bg2 Bg7 6. O-O e5 7. Re1 O-O 8. a4 Nc6 9. d3 b6 10. Na3 h6 11. Nc4 Be6 12. Nfd2 a6 13. Ne3 b5 14. Nd5 Bxd5 15. exd5 Ne7 16. h4 Qd7 17. c4 b4 18. a5 Kh7 19. Ne4 Nxe4 20. dxe4 f5 21. Bh3 Qe8 22. b3 f4 23. Be6 Ng8 24. Ra2 Ra7 25. Kh1 h5 26. g4 hxg4 27. Qxg4 Nh6 28. Qh3 Bf6 29. f3 Rg7 30. Rg1 Bd8 31. Bd2 Rf6 32. Be1 Rf8 33. Rag2 Bxa5 34. h5 g5 35. Rxg5 Rxg5 36. Rxg5 Bd8 37. Rg6 Rf6 38. Rg2 a5 39. Rg1 Rf8 40. Bd7 Qf7 41. Rg6 Qe7 42. Re6 Qg5 43. Rg6 Qe7 44. Be6 Rf6 45. Bh4 Qf8 46. Bxf6 Bxf6 47. Bf5 Kh8 48. Be6 a4 49. bxa4 b3 50. Rg2 Bg7 51. Bd7 Qb8 52. Bb5 Qb6 53. Qc8+ Kh7 54. Qd7 1-0


[Site "https://www.chess.com"]

[Event "Titled Tuesday Blitz June 21 Late 2022"]
[White "Clarke, Brandon G I"]
[Black "Yoo, Christopher Woojin"]
[WhiteFideId "400319"]
[BlackFideId "30909694"]
[WhiteElo "2414"]
[BlackElo "2105"]
[Result "0-1"]
[Round "03"]
[TimeControl "180+1"]
[Date "2022.06.21"]
[WhiteClock "0:00:02"]
[BlackClock "0:00:11"]

1. e4 c5 2. Nf3 e6 3. d4 cxd4 4. Nxd4 Nf6 5. Nc3 Nc6 6. Ndb5 Bc5 7. Nd6+ Ke7 8. Bf4 e5 9. Nf5+ Kf8 10. Bg5 d6 11. Bc4 Be6 12. Bb3 h6 13. Bh4 g5 14. Bg3 Bb4 15. Qd3 Bxf5 16. exf5 Rc8 17. O-O-O Nd4 18. Ne2 Nxb3+ 19. Qxb3 Qb6 20. f3 Bc5 21. Qxb6 axb6 22. Nc3 Ke7 23. Ne4 Nxe4 24. fxe4 Be3+ 25. Kb1 Rc4 26. Rd3 Bf4 27. Bf2 Rxe4 28. g3 Re2 29. Bxb6 e4 30. Rb3 Be5 31. Re3 Rxe3 32. Bxe3 Kf6 33. Rf1 h5 34. h4 gxh4 35. gxh4 Rg8 36. Bg5+ Rxg5 37. hxg5+ Kxg5 38. c3 h4 39. Kc2 h3 40. Kd2 Bf4+ 41. Ke2 Kxf5 42. a4 Kg4 43. b4 h2 44. Kf2 e3+ 45. Kg2 Bg3 46. Rf3 h1=Q+ 47. Kxh1 Kxf3 0-1


[Site "https://www.chess.com"]

[Event "Titled Tuesday Blitz June 21 Late 2022"]
[White "Coelho, Ramyres Santana"]
[Black "Zlatin, Alexander"]
[WhiteFideId "2120690"]
[BlackFideId "2810549"]
[WhiteElo "1888"]
[BlackElo "2228"]
[Result "0-1"]
[Round "03"]
[TimeControl "180+1"]
[Date "2022.06.22"]
[WhiteClock "0:01:07"]
[BlackClock "0:01:31"]

1. e4 e5 2. Nf3 Nc6 3. d4 exd4 4. Bc4 Bc5 5. c3 dxc3 6. O-O Nf6 7. e5 d5 8. Bb5 Ne4 9. Nxc3 Nxc3 10. bxc3 O-O 11. Re1 Be6 12. Ng5 h6 13. Qh5 hxg5 14. Bxg5 Qd7 15. Bd3 Bf5 16. Bf6 Bxd3 17. Qg5 Bg6 18. Rad1 Rae8 19. Rd3 Qf5 20. Rf3 Qxg5 21. Bxg5 Nxe5 0-1


[Site "https://www.chess.com"]

[Event "Titled Tuesday Blitz June 21 Late 2022"]
[White "Culum, Sanjin"]
[Black "Konaplev, Anton"]
[WhiteFideId "14420937"]
[BlackFideId "24165646"]
[WhiteElo "2013"]
[BlackElo "2208"]
[Result "1-0"]
[Round "03"]
[TimeControl "180+1"]
[Date "2022.06.22"]
[WhiteClock "0:00:05"]
[BlackClock "0:00:02"]

1. Nf3 d5 2. d4 Nf6 3. g3 e6 4. Bg2 b5 5. O-O Bb7 6. a4 a6 7. Nc3 b4 8. Nb1 a5 9. c3 c5 10. dxc5 Bxc5 11. cxb4 Bxb4 12. b3 O-O 13. Bb2 Nbd7 14. Nc3 Qe7 15. Nb5 Rac8 16. Ne5 Ba6 17. Nxd7 Nxd7 18. Qd4 Nf6 19. Rfc1 Bxb5 20. axb5 Rb8 21. b6 Qd6 22. e4 Qxb6 23. Qxb6 Rxb6 24. Bxf6 gxf6 25. exd5 Rd8 26. dxe6 fxe6 27. Rc7 Rbd6 28. Bf1 R8d7 29. Rac1 Kg7 30. Kg2 f5 31. Bb5 Rxc7 32. Rxc7+ Kf6 33. Rxh7 Rd2 34. Rc7 Rb2 35. Bc4 Be1 36. Rc6 Rxf2+ 37. Kg1 Rc2 38. Rxe6+ Kg5 39. Rxe1 a4 40. Ra1 axb3 41. Bxb3 Rb2 42. Be6 f4 43. Bh3 fxg3 44. hxg3 Rc2 45. Ra5+ Kh6 46. Bg2 Rd2 47. Bf3 Rc2 48. Bg2 Rb2 49. Kh2 Rd2 50. Kh3 Rd4 51. Bf3 Rd3 52. Kg4 Rd4+ 53. Kf5 Rd3 54. Kf4 Rb3 55. g4 Rb1 56. g5+ Kg7 57. Ra7+ Kf8 58. g6 Rg1 59. Be4 Kg8 60. Ke5 Kh8 61. Kf6 Rf1+ 62. Bf5 1-0


[Site "https://www.chess.com"]

[Event "Titled Tuesday Blitz June 21 Late 2022"]
[White "D`Arruda, Ricardo D."]
[Black "Zhu, Jiner"]
[WhiteFideId "100692"]
[BlackFideId "8608059"]
[WhiteElo "2499"]
[BlackElo "2281"]
[Result "0-1"]
[Round "03"]
[TimeControl "180+1"]
[Date "2022.06.22"]
[WhiteClock "0:00:01"]
[BlackClock "0:00:01"]

1. d4 Nf6 2. Nf3 d5 3. c4 e6 4. Nc3 c5 5. e3 Nc6 6. Bd3 dxc4 7. Bxc4 Be7 8. O-O O-O 9. a3 a6 10. dxc5 Bxc5 11. b4 Ba7 12. Bb2 Qe7 13. Qe2 b5 14. Bb3 Bb7 15. e4 Rac8 16. Rfd1 Nd7 17. e5 Bb8 18. Ne4 Ncxe5 19. Nxe5 Nxe5 20. Nc5 Rxc5 21. bxc5 Qxc5 22. Rac1 Nc4 23. Bxc4 Qg5 24. f4 Qxf4 25. Bd3 Qxh2+ 26. Kf1 Bg3 27. Bd4 Qh1+ 28. Bg1 Bd5 29. Be4 Bc4 30. Rxc4 bxc4 31. Qxc4 Qh4 32. Bd3 Qf6+ 33. Ke2 Qb2+ 34. Bc2 Be5 35. Qd3 g6 36. Kf1 Bg7 37. Bc5 Re8 38. Rb1 Qf6+ 39. Kg1 h5 40. Rd1 Rc8 41. Bb4 Kh7 42. Bb3 Rc6 43. Be1 Qb2 44. Bf2 Qe5 45. Bc4 Qf4 46. Qe2 Qxc4 47. Qxc4 Rxc4 48. Rd7 Kg8 49. Kh2 Ra4 50. Rd3 Be5+ 51. g3 Kg7 52. Kg2 Bf6 53. Bc5 e5 54. Bb4 a5 55. Bc5 e4 56. Rd7 Rc4 57. Bd6 e3 58. Kf3 Rc3 59. Ke2 Bd4 0-1


[Site "https://www.chess.com"]

[Event "Titled Tuesday Blitz June 21 Late 2022"]
[White "Daggupati, Balaji"]
[Black "Ladan, Nicholas"]
[WhiteFideId "2090759"]
[BlackFideId "30918855"]
[WhiteElo "2683"]
[BlackElo "2167"]
[Result "0-1"]
[Round "03"]
[TimeControl "180+1"]
[Date "2022.06.22"]
[WhiteClock "0:00:19"]
[BlackClock "0:00:11"]

1. e4 e5 2. Nf3 Nc6 3. Bb5 a6 4. Ba4 g6 5. O-O Bg7 6. c3 d6 7. d4 b5 8. Bb3 exd4 9. cxd4 Na5 10. Bc2 Ne7 11. Bd2 Nc4 12. Bc3 O-O 13. b3 Nb6 14. d5 c5 15. dxc6 Nxc6 16. Bxg7 Kxg7 17. Nc3 Qf6 18. Qd2 Bg4 19. Bd1 Rfe8 20. h3 Bxf3 21. Bxf3 Nd4 22. Bd1 Rac8 23. Rc1 b4 24. Nd5 Nxd5 25. Rxc8 Rxc8 26. exd5 a5 27. Re1 Rc5 28. Qd3 Rxd5 29. Qa6 Re5 30. Rf1 h5 31. Qd3 Qf4 32. Qa6 Qf6 33. Qd3 Qf4 34. Qa6 Rd5 35. Re1 Qd2 36. Rf1 Qc3 37. Qa8 Qc5 38. Kh1 Re5 39. Qd8 Qd5 40. Kg1 Rg5 41. f3 Re5 42. Kh2 Nf5 43. f4 Re3 44. Bf3 Qd2 45. Bxh5 Rg3 46. Bf3 Qd3 47. Rf2 Qe3 48. Re2 Qxf4 49. Kh1 Rxf3 50. gxf3 Ng3+ 51. Kg2 Nxe2 52. Qe7 Nd4 53. Qd8 Qxf3+ 54. Kg1 Ne2+ 55. Kh2 Qg3+ 56. Kh1 Qxh3# 0-1


[Site "https://www.chess.com"]

[Event "Titled Tuesday Blitz June 21 Late 2022"]
[White "Dardha, Daniel"]
[Black "Bluebaum, Matthias"]
[WhiteFideId "240990"]
[BlackFideId "24651516"]
[WhiteElo "2482"]
[BlackElo "2556"]
[Result "1/2-1/2"]
[Round "03"]
[TimeControl "180+1"]
[Date "2022.06.21"]
[WhiteClock "0:00:19"]
[BlackClock "0:00:34"]

1. d4 d5 2. c4 e6 3. Nf3 Nf6 4. g3 Bb4+ 5. Bd2 a5 6. Qc2 O-O 7. Bg2 c5 8. dxc5 d4 9. Bxb4 axb4 10. Ne5 Qc7 11. Nd3 Na6 12. O-O e5 13. Nd2 Bf5 14. e4 dxe3 15. fxe3 Bxd3 16. Qxd3 Nxc5 17. Qe2 Rad8 18. Rxf6 gxf6 19. Bd5 f5 20. Rf1 Qc8 21. Qh5 Kh8 22. Nf3 Qc7 23. Nh4 Qd6 24. Rxf5 Ne6 25. Rf6 Ng7 26. Qh6 Qe7 27. Rxf7 Qxf7 28. Bxf7 Rxf7 29. Ng6+ Kg8 30. Nxe5 Rf5 31. Ng4 Rd1+ 32. Kg2 Rd2+ 33. Kg1 Rd1+ 34. Kg2 Rd2+ 35. Kg1 Rd1+ 1/2-1/2


[Site "https://www.chess.com"]

[Event "Titled Tuesday Blitz June 21 Late 2022"]
[White "Dauner, Benedikt"]
[Black "Wachinger, Guenther"]
[WhiteFideId "16225899"]
[BlackFideId "4604261"]
[WhiteElo "2230"]
[BlackElo "2212"]
[Result "1/2-1/2"]
[Round "03"]
[TimeControl "180+1"]
[Date "2022.06.22"]
[WhiteClock "0:01:21"]
[BlackClock "0:00:35"]

1. b3 e5 2. Bb2 Nc6 3. e3 g6 4. d4 Bg7 5. dxe5 d6 6. Nf3 Nge7 7. Nc3 Nxe5 8. Nxe5 Bxe5 9. Qd2 O-O 10. O-O-O a5 11. a4 Be6 12. h4 h5 13. Be2 c6 14. g4 Nd5 15. gxh5 Qf6 16. Nxd5 Bxb2+ 17. Kb1 Bxd5 18. Rhg1 Bc3 19. Qd3 Ba1 20. Kc1 Bb2+ 21. Kb1 Ba1 22. Kc1 Bb2+ 23. Kb1 Ba1 1/2-1/2


[Site "https://www.chess.com"]

[Event "Titled Tuesday Blitz June 21 Late 2022"]
[White "De La Colina, Nicolas"]
[Black "Volkov, Maksim"]
[WhiteFideId "30946921"]
[BlackFideId "54123070"]
[WhiteElo "2046"]
[BlackElo "2155"]
[Result "1-0"]
[Round "03"]
[TimeControl "180+1"]
[Date "2022.06.22"]
[WhiteClock "0:00:12"]
[BlackClock "0:00:21"]

1. e4 c5 2. c3 e6 3. Nf3 d5 4. exd5 exd5 5. d4 Nc6 6. Bb5 Bd6 7. O-O Ne7 8. dxc5 Bxc5 9. Nbd2 O-O 10. Nb3 Bb6 11. Re1 Bg4 12. Be3 a6 13. Bxb6 Qxb6 14. Be2 Rfe8 15. Nfd4 Bxe2 16. Rxe2 Ng6 17. Qd2 Qc7 18. Rae1 Rxe2 19. Qxe2 h6 20. h3 Nce5 21. Nf5 Re8 22. Qd1 Qd7 23. Nbd4 b5 24. Ng3 Nc4 25. b3 Nb6 26. Ndf5 Re6 27. Re3 Qc7 28. Qd4 Rf6 29. Nxh6+ Kh7 30. Ng4 Re6 31. Nf5 Ne5 32. Rxe5 Rg6 33. Nge3 Nc8 34. Qh4+ Rh6 35. Nxh6 gxh6 36. Rh5 Qd6 37. Ng4 1-0


[Site "https://www.chess.com"]

[Event "Titled Tuesday Blitz June 21 Late 2022"]
[White "Di Nicolantonio, Lucas"]
[Black "Indjic, Aleksandar"]
[WhiteFideId "680460"]
[BlackFideId "911925"]
[WhiteElo "2381"]
[BlackElo "2616"]
[Result "0-1"]
[Round "03"]
[TimeControl "180+1"]
[Date "2022.06.22"]
[WhiteClock "0:00:04"]
[BlackClock "0:00:26"]

1. c4 g6 2. Nc3 Bg7 3. d4 d6 4. e4 c5 5. Nf3 Bg4 6. d5 Nf6 7. Be2 O-O 8. O-O e6 9. h3 Bxf3 10. Bxf3 exd5 11. exd5 Nbd7 12. Bf4 Ne5 13. Bxe5 dxe5 14. Qc2 Ne8 15. a3 Rc8 16. Qa4 a6 17. Be2 Nd6 18. Rac1 e4 19. b4 Bd4 20. Qb3 b6 21. Na4 h5 22. bxc5 bxc5 23. Qb6 Qe7 24. Rfd1 Rb8 25. Qa5 Qf6 26. Rxd4 cxd4 27. c5 d3 28. Bf1 Nf5 29. Qc3 Qg5 30. Re1 Rfd8 31. Nb6 Nd6 32. Qd4 Nb5 33. Qxe4 d2 34. Ra1 Nc3 35. Qc2 d1=Q 36. Rxd1 Nxd1 37. Qxd1 Qe5 38. a4 a5 39. Qd2 Rxb6 40. cxb6 Rxd5 41. Qc2 Rd8 42. Bb5 Qe1+ 43. Kh2 Qe5+ 44. Kg1 Qb8 45. Qc6 Rc8 0-1


[Site "https://www.chess.com"]

[Event "Titled Tuesday Blitz June 21 Late 2022"]
[White "Dilmukhametov, Artur"]
[Black "Jian, Alex"]
[WhiteFideId "24179922"]
[BlackFideId "30901022"]
[WhiteElo "2206"]
[BlackElo "2111"]
[Result "1-0"]
[Round "03"]
[TimeControl "180+1"]
[Date "2022.06.22"]
[WhiteClock "0:01:27"]
[BlackClock "0:00:08"]

1. e4 e5 2. Nf3 Qe7 3. Nc3 Nf6 4. Bc4 g6 5. h4 Bg7 6. d3 O-O 7. Bg5 d6 8. Nd5 Qd8 9. h5 Nbd7 10. hxg6 hxg6 11. Qd2 c6 12. Nxf6+ Bxf6 13. Bxf6 Qxf6 14. O-O-O b5 15. Bb3 a5 16. a3 Nc5 17. Ba2 b4 18. Rh4 Be6 19. Bxe6 Nxe6 20. Rdh1 Qg7 21. Rh8+ Qxh8 22. Rxh8+ Kxh8 23. axb4 axb4 24. Qxb4 Rfd8 25. d4 exd4 26. Qb7 Kg7 27. Qxc6 Rac8 28. Qb6 Rc5 29. Nxd4 Rdc8 30. Nxe6+ fxe6 31. c3 R5c6 32. Qd4+ e5 33. Qd5 Kf6 34. g3 Ke7 35. f4 Rc5 36. Qb7+ R8c7 37. Qa8 Rc8 38. Qa7+ R8c7 39. Qa6 Rc4 40. fxe5 dxe5 41. Qxg6 R7c6 42. Qg7+ Ke6 43. Qh7 Rc7 44. Qf5+ Kd6 45. Qf6+ Kd7 46. Qxe5 R4c5 47. Qd4+ Ke6 48. Kc2 R7c6 49. g4 Rc4 50. Qd5+ Ke7 51. e5 R6c5 52. Qd6+ Ke8 53. e6 Rc7 54. g5 R4c6 55. Qe5 Rb7 56. Qh8+ Ke7 57. Qg7+ Kxe6 58. Qxb7 Rd6 59. g6 1-0


[Site "https://www.chess.com"]

[Event "Titled Tuesday Blitz June 21 Late 2022"]
[White "Dobre, Claudiu-Cristian"]
[Black "Aksu, Vedat Ali"]
[WhiteFideId "1211854"]
[BlackFideId "6304320"]
[WhiteElo "2207"]
[BlackElo "2297"]
[Result "1-0"]
[Round "03"]
[TimeControl "180+1"]
[Date "2022.06.22"]
[WhiteClock "0:00:21"]
[BlackClock "0:00:13"]

1. b3 b6 2. Nf3 Bb7 3. e3 e6 4. Bb2 c5 5. c4 Nf6 6. Be2 Qc7 7. O-O Nc6 8. d4 cxd4 9. Nxd4 a6 10. Nc3 Ne5 11. Rc1 h5 12. f4 Neg4 13. Qd2 Bc5 14. a3 Rd8 15. b4 Be7 16. h3 Nh6 17. Qe1 Nf5 18. Nxf5 exf5 19. Nd5 Nxd5 20. cxd5 Qd6 21. Bf3 Rg8 22. Be5 Qg6 23. Rc7 Ba8 24. Qc3 d6 25. Bd4 Bf6 26. Rc8 Ke7 27. Rc7+ Rd7 28. Rxd7+ Kxd7 29. Rc1 Bd8 30. Qc8+ Ke7 31. Qxa8 Qg3 32. Qxa6 g5 33. Qe2 gxf4 34. exf4+ Kf8 35. Rc8 Qh4 36. Bxb6 Qxf4 37. Rxd8+ Kg7 38. Rxg8+ Kxg8 39. Qe3 Qg3 40. Bd4 f6 41. Qe8+ Kg7 42. Qe7+ Kg6 43. Qxf6+ Kh7 44. Qh8+ Kg6 45. Qxh5# 1-0


[Site "https://www.chess.com"]

[Event "Titled Tuesday Blitz June 21 Late 2022"]
[White "Dubov, Daniil"]
[Black "Barria Zuniga, Daniel"]
[WhiteFideId "24126055"]
[BlackFideId "3400816"]
[WhiteElo "2791"]
[BlackElo "2414"]
[Result "*"]
[Round "03"]
[TimeControl "180+1"]
[Date "2022.06.21"]
[WhiteClock "0:02:48"]
[BlackClock "0:00:25"]

1. e4 d5 2. Nc3 dxe4 3. Nxe4 Bf5 4. Ng3 Bg6 5. Nf3 Nf6 6. d4 e6 7. h4 h6 8. Ne5 Bh7 9. Bd3 Bxd3 10. Qxd3 a6 11. c4 Bb4+ 12. Bd2 Bxd2+ 13. Qxd2 O-O 14. O-O-O b5 15. d5 bxc4 16. dxe6 Qxd2+ 17. Rxd2 fxe6 18. Nxc4 Nc6 19. Re1 Rae8 20. Ne4 Nxe4 21. Rxe4 Rf6 22. f4 g5 23. hxg5 hxg5 24. fxg5 Rg6 25. Ne5 Nxe5 26. Rxe5 Kf7 27. Rd7+ Re7 28. Rxe7+ Kxe7 29. Kd2 Kd6 30. Ra5 e5 31. Rxa6+ c6 32. Ra3 Rxg5 33. g3 Kd5 34. Rd3+ Kc5 35. Rc3+ Kd5 36. a4 Rg8 37. a5 Ra8 38. Ra3 Rb8 39. a6 Rxb2+ 40. Kc3 Rb8 41. a7 Ra8 42. g4 c5 43. g5 Kc6 44. g6 Kb7 *


[Site "https://www.chess.com"]

[Event "Titled Tuesday Blitz June 21 Late 2022"]
[White "Fiol, Fabrice"]
[Black "Bernat, David"]
[WhiteFideId "611670"]
[BlackFideId "2099225"]
[WhiteElo "2468"]
[BlackElo "2296"]
[Result "1-0"]
[Round "03"]
[TimeControl "180+1"]
[Date "2022.06.22"]
[WhiteClock "0:00:37"]
[BlackClock "0:00:21"]

1. e4 c5 2. Nf3 g6 3. c3 Bg7 4. d4 cxd4 5. cxd4 d5 6. e5 a6 7. Nc3 Bg4 8. h3 Bxf3 9. Qxf3 Nc6 10. Be3 e6 11. b3 Qa5 12. Rc1 Rc8 13. Be2 Nxe5 14. dxe5 Rxc3 15. O-O Rxc1 16. Rxc1 Ne7 17. Bg5 Bxe5 18. Bf6 Bxf6 19. Qxf6 Rg8 20. Bg4 Qd8 21. Qh4 h5 22. Bf3 Nc6 23. Qa4 Qd7 24. Qf4 Kf8 25. Qh6+ Ke7 26. Re1 Nd4 27. Bd1 Nf5 28. Qg5+ f6 29. Qd2 e5 30. Bf3 Nd4 31. Qxd4 Kf7 32. Qxd5+ 1-0


[Site "https://www.chess.com"]

[Event "Titled Tuesday Blitz June 21 Late 2022"]
[White "Fiorito, Fabian"]
[Black "Shimanov, Aleksandr"]
[WhiteFideId "100200"]
[BlackFideId "4198603"]
[WhiteElo "2395"]
[BlackElo "2605"]
[Result "0-1"]
[Round "03"]
[TimeControl "180+1"]
[Date "2022.06.21"]
[WhiteClock "0:00:06"]
[BlackClock "0:00:05"]

1. d4 Nf6 2. Nc3 d5 3. Bf4 a6 4. e3 Bf5 5. Bd3 Bg6 6. h4 e5 7. dxe5 Nh5 8. Bg5 f6 9. exf6 gxf6 10. g4 fxg5 11. gxh5 Bf7 12. hxg5 Qxg5 13. Nf3 Qf6 14. Qe2 Ba3 15. Nd1 Be7 16. e4 dxe4 17. Bxe4 Nc6 18. Nc3 O-O-O 19. Nd2 Nd4 20. Qe3 Bc5 21. Qh3+ Be6 22. Qh4 Qh6 23. O-O-O Rhe8 24. Rhe1 Be7 25. Qh1 c6 26. Kb1 Bb4 27. Nb3 Bxc3 28. bxc3 Nb5 29. Qf3 Rxd1+ 30. Rxd1 Bxb3 31. axb3 Rxe4 32. c4 Na3+ 33. Ka2 Rf4 34. Qh3+ Kb8 35. Kxa3 Qf8+ 36. Kb2 Qf6+ 37. Qc3 Rxf2 38. Qxf6 Rxf6 39. Rd8+ Kc7 40. Rd4 Rf5 41. Rh4 h6 42. Kc3 a5 43. Kd4 Kd6 44. Ke4 Rg5 45. Kd4 b6 46. Ke4 Kc5 47. Kd3 Kb4 48. Kd2 Rc5 49. Kc1 Ka3 50. Kb1 a4 51. bxa4 Kxa4 52. Kb2 Kb4 53. c3+ Ka4 54. Kc2 Ka3 55. Kd3 Rg5 56. Kc2 Rg2+ 57. Kd3 Rg3+ 58. Kc2 Rg5 59. Kd3 Kb2 60. Rh2+ Kb3 61. Rh1 Ka2 62. Rh3 Ka3 63. Kc2 Rg4 64. Kd3 Kb3 65. Rh1 Rg3+ 66. Kd4 c5+ 67. Kd5 Rg5+ 68. Kc6 Kxc4 69. Rh3 b5 70. Rh4+ Kxc3 71. Kxb5 c4+ 72. Ka4 Kd3 73. Kb4 c3 74. Rh3+ Ke2 75. Kxc3 Kf2 76. Kd4 Kg2 77. Rh4 Kg3 78. Rh1 Kg2 79. Ke4 Kxh1 0-1


[Site "https://www.chess.com"]

[Event "Titled Tuesday Blitz June 21 Late 2022"]
[White "Florescu, Codrut-Constantin"]
[Black "Sanchez Alarcon, Juan"]
[WhiteFideId "1202200"]
[BlackFideId "3401332"]
[WhiteElo "2191"]
[BlackElo "2164"]
[Result "1-0"]
[Round "03"]
[TimeControl "180+1"]
[Date "2022.06.22"]
[WhiteClock "0:02:28"]
[BlackClock "0:00:51"]

1. d4 Nf6 2. Nf3 g6 3. c4 Bg7 4. Nc3 d6 5. e4 O-O 6. Be2 e5 7. d5 a5 8. h3 Na6 9. Bg5 h6 10. Be3 b6 11. g4 Nd7 12. Nd2 Nac5 13. h4 a4 14. h5 g5 15. f3 Bb7 16. Nf1 Bc8 17. Ng3 Nb8 18. Kf2 Qe8 19. Qc2 Nba6 20. Nb5 Bd7 21. Qc3 Qc8 22. b4 axb3 23. axb3 Be8 24. b4 Nd7 25. Nf5 Ndb8 26. Ne7+ 1-0


[Site "https://www.chess.com"]

[Event "Titled Tuesday Blitz June 21 Late 2022"]
[White "Flynn, Jacob"]
[Black "Ricaurte Lopez, Juan Carlos"]
[WhiteFideId "2509393"]
[BlackFideId "3600327"]
[WhiteElo "1896"]
[BlackElo "2209"]
[Result "1-0"]
[Round "03"]
[TimeControl "180+1"]
[Date "2022.06.22"]
[WhiteClock "0:00:43"]
[BlackClock "0:00:01"]

1. d4 d5 2. c4 e6 3. g3 dxc4 4. Bg2 c5 5. Nf3 cxd4 6. Qa4+ Qd7 7. Qxc4 Nc6 8. O-O Nf6 9. Rd1 e5 10. e3 Qe6 11. Qxe6+ Bxe6 12. exd4 O-O-O 13. Nc3 exd4 14. Nb5 Bc5 15. Bf4 Nd5 16. Rac1 Nxf4 17. Rxc5 Nxg2 18. Kxg2 Rd5 19. Rdc1 Rxc5 20. Rxc5 Kb8 21. Nfxd4 Nxd4 22. Nxd4 Bxa2 23. Nf5 Rd8 24. Nxg7 Rd2 25. b4 Bd5+ 26. Kf1 1-0


[Site "https://www.chess.com"]

[Event "Titled Tuesday Blitz June 21 Late 2022"]
[White "Garriga Cazorla, Pere"]
[Black "Terry, Renato"]
[WhiteFideId "32011601"]
[BlackFideId "3803457"]
[WhiteElo "2433"]
[BlackElo "2577"]
[Result "0-1"]
[Round "03"]
[TimeControl "180+1"]
[Date "2022.06.21"]
[WhiteClock "0:00:08"]
[BlackClock "0:00:23"]

1. d4 e6 2. c4 Bb4+ 3. Nc3 c5 4. e3 Bxc3+ 5. bxc3 Qa5 6. Bd2 Nf6 7. Bd3 d6 8. e4 Nc6 9. Ne2 Qc7 10. O-O e5 11. f4 cxd4 12. cxd4 exd4 13. Ng3 O-O 14. Nh5 Nxh5 15. Qxh5 f6 16. c5 Be6 17. e5 g6 18. cxd6 gxh5 19. dxc7 fxe5 20. fxe5 Rac8 21. Bh6 Rf7 22. Rxf7 Kxf7 23. Rf1+ Ke7 24. Bxh7 Kd7 25. Bf8 Kxc7 26. Bd6+ Kd7 27. Be4 Re8 28. Rf6 Bxa2 29. Bg6 Rxe5 30. Bxe5 Nxe5 31. Bf5+ Ke7 32. Rh6 a5 33. Kf2 a4 34. Bc2 a3 35. Ke1 Bf7 36. Rh7 a2 0-1


[Site "https://www.chess.com"]

[Event "Titled Tuesday Blitz June 21 Late 2022"]
[White "Guz, Ari"]
[Black "Corrales Jimenez, Fidel"]
[WhiteFideId "2825759"]
[BlackFideId "3506690"]
[WhiteElo "1913"]
[BlackElo "2541"]
[Result "*"]
[Round "03"]
[TimeControl "180+1"]
[Date "2022.06.21"]
[WhiteClock "0:00:35"]
[BlackClock "0:02:08"]

1. e4 c5 2. Nf3 d6 3. c3 Nf6 4. Bd3 Nc6 5. Bc2 Bg4 6. h3 Bxf3 7. Qxf3 g6 8. O-O Bg7 9. b3 O-O 10. Bb2 e5 11. a4 a6 12. Na3 Rb8 13. Qe2 Nh5 14. g3 Qg5 15. Kh2 f5 16. Nc4 Rbd8 17. h4 Qh6 18. exf5 gxf5 19. Ne3 Ne7 20. d4 e4 21. Rad1 cxd4 22. cxd4 d5 23. Bc1 f4 24. Ng4 Qg6 25. gxf4 Nxf4 26. Bxf4 Rxf4 27. f3 Rdf8 28. Qg2 Qh5 29. Qg3 Rxf3 30. Rxf3 Rxf3 31. Qb8+ Kf7 *


[Site "https://www.chess.com"]

[Event "Titled Tuesday Blitz June 21 Late 2022"]
[White "Hnydiuk, Aleksander"]
[Black "Vrbljanac, Aleksandar"]
[WhiteFideId "1109057"]
[BlackFideId "932817"]
[WhiteElo "2374"]
[BlackElo "2309"]
[Result "1-0"]
[Round "03"]
[TimeControl "180+1"]
[Date "2022.06.22"]
[WhiteClock "0:01:05"]
[BlackClock "0:00:02"]

1. d4 d5 2. c4 c6 3. Nf3 Nf6 4. Nc3 e6 5. Bg5 dxc4 6. e4 b5 7. a4 Bb4 8. e5 h6 9. exf6 hxg5 10. fxg7 Rg8 11. h4 gxh4 12. Rxh4 Qf6 13. Qe2 Bb7 14. Qe4 a6 15. Ne5 Nd7 16. Rf4 Qxg7 17. Rxf7 Qxf7 18. Nxf7 Kxf7 19. axb5 axb5 20. Rxa8 Bxa8 21. Be2 Nf6 22. Qf4 Rd8 23. Kf1 Ke7 24. Ne4 Nxe4 25. Qxe4 Ba5 26. Bg4 Rd6 27. Qh7+ Kf6 28. Qa7 Bb7 29. Qxa5 Rxd4 30. Bf3 Rd7 31. g4 Ke7 32. Qb6 Kd6 33. g5 e5 34. Be4 Rg7 35. g6 Kd7 36. Qxb7+ Kd6 37. Qxg7 1-0


[Site "https://www.chess.com"]

[Event "Titled Tuesday Blitz June 21 Late 2022"]
[White "Hoffmann, Asa"]
[Black "Titichoca Daza, Daniel"]
[WhiteFideId "2001470"]
[BlackFideId "3309550"]
[WhiteElo "2117"]
[BlackElo "1912"]
[Result "0-1"]
[Round "03"]
[TimeControl "180+1"]
[Date "2022.06.22"]
[WhiteClock "0:01:20"]
[BlackClock "0:01:26"]

1. d4 d5 2. Bg5 Nd7 3. c4 c6 4. cxd5 cxd5 5. Nc3 Ngf6 6. e3 a6 7. Bd3 e6 8. f4 b5 9. Nf3 h6 10. Bh4 Bd6 11. Ne5 g5 12. fxg5 hxg5 13. Bg3 Bxe5 14. dxe5 Nh5 15. Qf3 Nxg3 16. Qxg3 Qc7 17. Qxg5 Qxe5 18. Qxe5 Nxe5 19. Be2 Bb7 20. O-O-O Rc8 21. Kb1 Ke7 22. h4 Bc6 23. Bf3 b4 24. Ne2 Nc4 25. Nd4 Nxe3 26. Rde1 Nc4 27. Nxc6+ Rxc6 28. Bxd5 Nd2+ 29. Ka1 Rc5 30. Bf3 Rhc8 31. h5 b3 32. h6 Ra5 33. a3 Rc2 0-1


[Site "https://www.chess.com"]

[Event "Titled Tuesday Blitz June 21 Late 2022"]
[White "Ibarra Jerez, Jose Carlos"]
[Black "Tanenbaum, Zachary"]
[WhiteFideId "2226332"]
[BlackFideId "2060850"]
[WhiteElo "2628"]
[BlackElo "2175"]
[Result "1-0"]
[Round "03"]
[TimeControl "180+1"]
[Date "2022.06.21"]
[WhiteClock "0:00:15"]
[BlackClock "0:00:03"]

1. e4 e5 2. Nf3 Nc6 3. Bb5 a6 4. Bxc6 dxc6 5. O-O Qd6 6. Na3 Be6 7. Qe2 f6 8. Rd1 O-O-O 9. d4 Bg4 10. Nc4 Qe6 11. c3 Bxf3 12. gxf3 Ne7 13. f4 exf4 14. Bxf4 f5 15. f3 g5 16. Be5 Rg8 17. Kh1 g4 18. exf5 Qxf5 19. Ne3 gxf3 20. Nxf5 fxe2 21. Nxe7+ Bxe7 22. Re1 Bd6 23. Rxe2 Rde8 24. Rae1 c5 25. Bxd6 Rxe2 26. Rxe2 cxd6 27. dxc5 dxc5 28. Re5 b6 29. Re6 Rg6 30. Re7 h6 31. h3 Rd6 32. Re2 Rd3 33. Kg2 Kd7 34. Rf2 Ke7 35. Re2+ Kd7 36. a4 Kd6 37. Rf2 Ke6 38. Re2+ Kd6 39. Rf2 Kd5 40. h4 Kc4 41. h5 Rd5 42. Rf6 Rd2+ 43. Kg3 Rxb2 44. Rxh6 Kxc3 45. Rg6 Rb1 46. Kh2 Rb2+ 47. Rg2 Rb4 48. Rg3+ Kd2 49. h6 Rh4+ 50. Rh3 Rxh6 51. Rxh6 b5 52. a5 c4 53. Rxa6 b4 54. Rd6+ Kc2 55. a6 b3 56. a7 b2 57. Rb6 c3 58. a8=Q b1=Q 59. Qe4+ 1-0


[Site "https://www.chess.com"]

[Event "Titled Tuesday Blitz June 21 Late 2022"]
[White "Ivic, Velimir"]
[Black "Boyer, Mahel"]
[WhiteFideId "950122"]
[BlackFideId "45102422"]
[WhiteElo "2610"]
[BlackElo "2400"]
[Result "1-0"]
[Round "03"]
[TimeControl "180+1"]
[Date "2022.06.21"]
[WhiteClock "0:00:18"]
[BlackClock "0:00:01"]

1. e4 Nc6 2. Nf3 d5 3. exd5 Qxd5 4. Nc3 Qh5 5. Bb5 Bg4 6. d4 O-O-O 7. Bxc6 bxc6 8. Qe2 Bxf3 9. gxf3 e6 10. Be3 Nf6 11. Rg1 h6 12. O-O-O Qa5 13. Kb1 Nd5 14. Ne4 f5 15. Nd2 Qb5 16. Qxb5 cxb5 17. c4 bxc4 18. Nxc4 g5 19. Ne5 Rh7 20. Rc1 Rd6 21. f4 g4 22. h3 h5 23. Rh1 Bh6 24. hxg4 hxg4 25. Rh4 g3 26. Rch1 g2 27. Rg1 Nf6 28. Rxg2 Bf8 29. Rxh7 Nxh7 30. Rg8 Rd8 31. Rg6 Re8 32. Kc2 Bd6 33. Kd3 Nf8 34. Rg8 Bxe5 35. fxe5 Kd7 36. Bg5 Nh7 37. Rg7+ Re7 38. Rxe7+ 1-0


[Site "https://www.chess.com"]